 Dungeon Crawl Stone Soup version 0.21.1-1-g345015f (webtiles) character file.

35 theblackcape the Ducker (level 3, 0/17 HPs)
             Began as a Felid Monk on July 7, 2018.
             Slain by Terence
             ... wielding a +0 mace
              (9 damage)
             ... on level 2 of the Dungeon.
             The game lasted 00:02:07 (1163 turns).

theblackcape the Ducker (Felid Monk)                Turns: 1163, Time: 00:02:08

Health: 0/17       AC:  1    Str:  7    XL:     3   Next: 17%
Magic:  4/4        EV: 22    Int: 11    God:
Gold:   55         SH:  0    Dex: 19    Spells: 2/2 levels left
                                        Lives:  0   Deaths: 0

rFire    . . .     SeeInvis +     - Unarmed
rCold    . . .     Gourm    .   (shield unavailable)
rNeg     . . .     Faith    .   (armour unavailable)
rPois    .         Spirit   .   (helmet unavailable)
rElec    .         Reflect  .   (cloak unavailable)
rCorr    .         Harm     .   (gloves unavailable)
MR       .....                  (boots unavailable)
Stlth    +++.......             d - amulet of magic regeneration
HPRegen  0.05/turn              (no ring)
MPRegen  0.34/turn              (no ring)

@: quick
A: very small, no armour, no weapons or thrown items, stealth, claws 1, fangs 3,
see invisible, carnivore, speed 1, shaggy fur 1, slow metabolism 1, sharp paws
a: no special abilities


You were on level 2 of the Dungeon.
You were very full.

You visited 1 branch of the dungeon, and saw 2 of its levels.

You collected 55 gold pieces.

Inventory:

Jewellery
 d - an amulet of magic regeneration (around neck)
 g - an uncursed ring of resist corrosion {unknown}
Scrolls
 b - a scroll of enchant armour {unknown}
 c - a scroll of amnesia {unknown}
 e - a scroll of immolation {unknown}
 f - a scroll of enchant weapon
 h - a scroll of identify {unknown}
Potions
 i - a potion of agility {unknown}
Comestibles
 a - 3 rations


   Skills:
 - Level 3.0 Fighting
 + Level 5.6 Dodging
 - Level 2.7 Stealth
 - Level 3.0 Unarmed Combat


You had 2 spell levels left.
You didn't know any spells.

Dungeon Overview and Level Annotations

Branches:
Dungeon (2/15)

Altars:

Annotations:
D:2 Terence


Innate Abilities, Weirdness & Mutations

You cannot wear armour.
You are incapable of wielding weapons or throwing items.
Your paws allow you to move quietly. (Stealth)
You have sharp claws.
You have razor-sharp teeth.
You have supernaturally acute eyesight. (SInv)
You are carnivorous and can eat meat at any time.
You cover ground quickly.
You are covered in fur. (AC +1)
You have a slow metabolism.
Your sharp claws are effective at attacking unaware monsters.


Message History

You kill the frilled lizard!
No target in view!
A rat comes into view.
A rat is nearby!
Terence the Incautious comes into view.
He is wielding a mace.
Found a robe.
Found a stone staircase leading up.
Found a stone staircase leading down.
The helpless rat fails to defend itself.
You mangle the rat!!
You kill the rat!
You pounce on the unaware helpless Terence!
You claw Terence!
Terence is almost dead.
Terence hits you with a mace!
You completely miss Terence.
Terence is almost dead.
Terence hits you with a mace!
Ouch! That really hurt!
You die...

...#..#........>..
##...)........####
##......#.......#
...####.#.###...#### #
..## #....####....# ..
#.(######...#####.[##..#
##.....###......†......#
######.........#....##.#
#####.###..@..<...#
#....##.@###..#
####.###...# >. #.# .#.#
#. ##... .. #.. .. #..
.#


You could see Terence.

Vanquished Creatures
  A dart slug (D:2)
  2 leopard geckos
  A ball python (D:1)
  A goblin (D:1)
  3 hobgoblins (D:1)
  4 jackals (D:1)
  3 kobolds
  A quokka (D:2)
  6 bats (D:1)
  2 frilled lizards
  4 rats
28 creatures vanquished.

Notes
Turn   | Place    | Note
-------+----------+-------------------------------------------
     0 | D:1      | theblackcape the Felid Monk began the quest for the Orb.
     0 | D:1      | Reached XP level 1. HP: 10/10 MP: 2/2
   267 | D:1      | Reached XP level 2. HP: 12/14 MP: 3/3
   603 | D:1      | Reached skill level 5 in Dodging
  1007 | D:2      | Reached XP level 3. HP: 13/17 MP: 4/4
  1153 | D:2      | Noticed Terence
  1163 | D:2      | Slain by Terence

Skill      XL: |  1  2 |
---------------+-------+-----
Dodging        | 5 |  5.6
Fighting       | |  3.0
Stealth        | |  2.7
Unarmed Combat | |  3.0

Action                   || total
-------------------------++-------
Melee: Unarmed           ||    86
       Bite              ||     2
       Punch             ||     1
  Use: Scroll            ||     1
 Stab: Sleeping          ||    11
  Eat: Chunk             ||     7
Armor: Skin              ||     2
Dodge: Dodged            ||    65
